 Dungeon Crawl Stone Soup version 0.30-a0-341-g682706514a (webtiles) character file.

Game seed: 647308211451305190

96 lunkers the Digger (level 5, 0/38 HPs)
             Began as a Meteoran Earth Elementalist on Nov 1, 2022.
             Slain by a gnoll bouda
             ... wielding a +0 club
              (11 damage)
             ... on level 3 of the Dungeon.
             The game lasted 00:02:08 (457 turns).

lunkers the Digger (Meteoran Earth Elementalist)     Turns: 457, Time: 00:02:08

Health: 0/38       AC:  3    Str:  9    XL:     5   Next: 20%
Magic:  2/11       EV: 12    Int: 18    God:
Gold:   19         SH:  0    Dex: 15    Spells: 5/11 levels left

rFire   . . .      SeeInvis .    a - +2 dagger (elec)
rCold   . . .      Faith    .    (no shield)
rNeg    . . .      Spirit   .    f - +0 robe
rPois   .          Reflect  .    (no helmet)
rElec   .          Harm     .    (no cloak)
rCorr   .          Rampage  .    i - +0 pair of gloves
Will    .....                    (no boots)
Stlth   +.........               h - amulet of the acrobat
HPRegen 0.26/turn                (no ring)
MPRegen 0.12/turn                (no ring)

@: glowing
A: sense surroundings 1, otherworldly, glowing, explore regen
a: no special abilities


You were on level 3 of the Dungeon.
You visited 1 branch of the dungeon, and saw 3 of its levels.

You collected 19 gold pieces.

Inventory:

Hand Weapons
 a - a +2 dagger of electrocution (weapon)
 e - a +2 dagger of venom
Armour
 f - a +0 robe (worn)
 i - a +0 pair of gloves (worn)
Jewellery
 h - an amulet of the acrobat (around neck)
Scrolls
 d - a scroll of butterflies {unknown}
 j - a scroll of amnesia {unknown}
 k - a scroll of blinking {unknown}
Potions
 b - a potion of magic
 c - a potion of curing {unknown}
 g - a potion of berserk rage {unknown}
 l - a potion of invisibility {unknown}


   Skills:
 - Level 2.4 Dodging
 - Level 1.4 Stealth
 + Level 3.8 Spellcasting
 + Level 1.7 Conjurations
 - Level 1.2 Transmutations
 * Level 5.3 Earth Magic


You had 5 spell levels left.
You knew the following spells:

 Your Spells              Type           Power      Damage    Failure   Level
a - Sandblast             Erth           44%        2d11      1%          1
b - Passwall              Tmut/Erth      12%        N/A       6%          2
c - Stone Arrow           Conj/Erth      32%        3d9       11%         3

Your spell library contained the following spells:

 Spells                   Type           Power      Damage    Failure   Level
 Petrify                  Tmut/Erth      15%        N/A       36%         4
 Gell's Gravitas          Tloc           3%         N/A       41%         3
 Lesser Beckoning         Tloc           6%         N/A       41%         3
 Teleport Other           Tloc           3%         N/A       41%         3


Dungeon Overview and Level Annotations

Branches:
Dungeon (3/15) Zot: 1318

Altars:

Shops:
D:3 [


Innate Abilities, Weirdness & Mutations

You passively map a small area around you.
You are easily found by Zot.
You glow in the dark.
You regain HP and MP as you explore.


Message History

* * * LOW HITPOINT WARNING * * *
You have reached level 5!
Unknown command.
Aiming: Sandblast (safe; 1% risk of failure)
Press: ? - help, Q - select action, (/) - cycle Shift-Dir - straight line, f - gnoll
Aim: a gnoll, wielding a +0 spear (covering ground quickly, 85% to hit)
The blast of sand hits the gnoll!
The gnoll is severely wounded.
The gnoll closely misses you.
The gnoll bouda calls upon its god to heal the gnoll.
The gnoll is healed somewhat.
The gnoll barely misses you.
Unknown command.
Aiming: Sandblast (safe; 1% risk of failure)
Press: ? - help, Q - select action, (/) - cycle Shift-Dir - straight line, f/p - gnoll
Aim: a gnoll, wielding a +0 spear (moderately wounded, covering ground quickly, 85% to hit)
The blast of sand hits the gnoll.
The gnoll is heavily wounded.
The gnoll hits you from afar with a +0 spear.
* * * LOW HITPOINT WARNING * * *
Aiming: Sandblast (safe; 1% risk of failure)
Press: ? - help, Q - select action, (/) - cycle Shift-Dir - straight line, f/p - gnoll
Aim: a gnoll, wielding a +0 spear (heavily wounded, covering ground quickly, 85% to hit)
The blast of sand hits the gnoll!
You kill the gnoll!
Unknown command.
Aiming: Sandblast (safe; 1% risk of failure)
Press: ? - help, Q - select action, (/) - cycle Shift-Dir - straight line, f - gnoll bouda
Aim: a gnoll bouda, wielding a +0 club and wearing a +0 robe (85% to hit)
The blast of sand hits the gnoll bouda.
The gnoll bouda is moderately wounded.
The gnoll bouda hits you with a +0 club!
* * * LOW HITPOINT WARNING * * *
Aiming: Sandblast (safe; 1% risk of failure)
Press: ? - help, Q - select action, (/) - cycle Shift-Dir - straight line, f/p - gnoll bouda
Aim: a gnoll bouda, wielding a +0 club and wearing a +0 robe (moderately wounded, 85% to hit)
The blast of sand hits the gnoll bouda.
The gnoll bouda is moderately wounded.
* * * LOW MAGIC WARNING * * *
The gnoll bouda hits you with a +0 club!
You die...

, ....., , ...... , , *,
..... * *.... * * *
###... * , , ..#.# * * .#
,#.####.#.##### #.#
#..)g@........ #.# * * ,
....$.###.#.##### **#.# ,
..... #.#.# #.#
......###.#'####### #.#
..........)..[....###.# ,
.............>...∩..†.###
. ######.........###.....
, ########### #.#### #.#


You could see a gnoll bouda.

Vanquished Creatures
  7 gnolls
  2 bats
  2 endoplasms
  4 goblins
  2 hobgoblins
  A jackal (D:1)
  A quokka (D:3)
  3 ball pythons
  2 frilled lizards
  6 kobolds
  4 rats
34 creatures vanquished.

Notes
Turn   | Place    | Note
-------+----------+-------------------------------------------
     0 | D:1      | lunkers the Meteoran Earth Elementalist began the quest for
                  | the Orb.
     0 | D:1      | Reached XP level 1. HP: 14/14 MP: 5/5
    87 | D:1      | Reached XP level 2. HP: 20/20 MP: 1/6
    97 | D:1      | Reached skill level 4 in Earth Magic
   248 | D:2      | Reached XP level 3. HP: 26/26 MP: 5/8
   252 | D:2      | Learned a level 2 spell: Passwall
   256 | D:2      | Learned a level 3 spell: Stone Arrow
   310 | D:2      | Reached skill level 1 in Conjurations
   310 | D:2      | Reached XP level 4. HP: 18/33 MP: 1/10
   316 | D:2      | Reached skill level 5 in Earth Magic
   423 | D:3      | Found Huichait's Armour Boutique.
   453 | D:3      | Reached XP level 5. HP: 21/38 MP: 6/11
   457 | D:3      | Slain by a gnoll bouda

Illustrated notes

Levels and vault maps discovered:
D:1:      dpeg_arrival_boxes_within_box, layout_basic, minmay_heptomino_h4
D:2:      layout_basic, wad_floor_pattern_2
D:3:      layout_basic, serial_shops, shop, shop, nicolae_lakefront_shop,
          nicolae_shop_crystal, nicolae_shop_hallway_stairs, uniq_ijyb

Skill      XL: |  1  2  3  4 |
---------------+-------------+-----
Earth Magic    | 4 5 |  5.3
Spellcasting   | 3 |  3.8
Conjurations   | 1 |  1.7
Dodging        | |  2.4
Stealth        | |  1.4
Transmutations | |  1.2

Action                   |  1- 3 |  4- 6 || total
-------------------------+-------+-------++-------
Melee: Dagger            |     3 |     1 ||     4
 Cast: Sandblast         |    29 |    21 ||    50
Armor: Robe              |     2 |       ||     2
Dodge: Dodged            |     7 |     6 ||    13

Table legend: (Time is in decaauts)
 A = Elapsed time spent in this place.
 B = Non-inter-level travel time spent in this place.
 C = Inter-level travel time spent in this place.
 D = Time resting spent in this place.
 E = Time spent auto-exploring this place.
 F = Levels seen in this place.
 G = Mean time per level.
                   A        B        C        D        E       F      G
               +--------+--------+--------+--------+--------+-----+--------+
         Total |    479 |    474 |      5 |      0 |    282 |   3 |  159.7 |
       Dungeon |    479 |    474 |      5 |      0 |    282 |   3 |  159.7 |
               +--------+--------+--------+--------+--------+-----+--------+

Top non-repeatable levels by time:
     D:2: 234 daAuts
     D:1: 171 daAuts
     D:3: 74 daAuts
